 Dungeon Sprint DCSS version 0.22-a0-897-g1b7a381375 (webtiles) character file.

3300000 IcyTea the Axe Maniac (level 19, -11/189 HPs)
             Began as a Demonspawn Hunter on July 31, 2018.
             Was a High Priest of Makhleb.
             Mangled by a destroyer
             ... wielding a +9 great sword of slicing
              (178 damage)
             ... in the Dungeon (Sprint VIII: "Arena of Blood").
             The game lasted 00:04:39 (33 turns).

IcyTea the Axe Maniac (Demonspawn Hunter)             Turns: 33, Time: 00:04:40

Health: -11/189    AC:  4    Str: 23    XL:     19   Next: 4%
Magic:  0/36       EV: 32    Int: 14    God:    Makhleb [*****.]
Gold:   0          SH:  0    Dex: 15    Spells: 18/18 levels left

rFire    . . .     SeeInvis .   l - +∞ Axe of Woe
rCold    . . .     Gourm    .   (shield currently unavailable)
rNeg     . . .     Faith    .   b - +0 leather armour
rPois    .         Spirit   +   (helmet unavailable)
rElec    .         Reflect  .   (no cloak)
rCorr    .         Harm     .   (no gloves)
MR       +....     NoTele   +   (no boots)
Stlth    +.........             (no amulet)
HPRegen  0.41/turn              m - +30 ring of slaying
MPRegen  0.50/turn              (no ring)

@: mighty
A: horns 3, powered by pain 2, augmentation 1, magic shield, magic regeneration,
sturdy frame 3
a: Minor Destruction, Lesser Servant of Makhleb, Major Destruction, Greater
Servant of Makhleb, Renounce Religion


You were in the Dungeon.
You worshipped Makhleb.
Makhleb was extremely pleased with you.
You were not hungry.

You visited 1 branch

Inventory:

Hand Weapons
 a - a +0 short sword
 l - the +∞ Axe of Woe (weapon)
   (You found it in the Dungeon)
Missiles
 c - 6 javelins
 d - 2 throwing nets (quivered)
Armour
 b - a +0 leather armour (worn)
Jewellery
 m - a +30 ring of slaying (left hand)
 n - a +30 ring of slaying
Scrolls
 k - a scroll of blinking
Potions
 e - a potion of curing
 g - a potion of heal wounds
 h - a potion of haste
 i - 2 potions of magic
 j - a potion of berserk rage
Comestibles
 f - a ration


   Skills:
 O Level 27 Fighting
 O Level 27 Axes
 O Level 27 Throwing
 + Level 7.9 Armour
 O Level 27 Dodging
 - Level 0.8 Stealth
 O Level 27 Invocations


You had 18 spell levels left.
You didn't know any spells.
Your spell library was empty.

Dungeon Overview and Level Annotations

Branches:
Dungeon (1/1)

Altars:
Makhleb

Annotations:
D The Servant


Innate Abilities, Weirdness & Mutations

You have a pair of large horns on your head.
You sometimes gain power by taking damage.
Your magical and physical power is slightly enhanced at high health.
When hurt, damage is shared between your health and your magic reserves.
You regenerate magic rapidly.
Your movements are significantly less encumbered by armour. (ER -6)


Message History

The floor.
You hack one of the eight-headed meat hydra's heads off!
The seven-headed meat hydra grows two more!
You carve the nine-headed meat hydra like a ham!!!
You hew the nine-headed meat hydra savagely.
You kill the nine-headed meat hydra!
Makhleb accepts your kill.
You have mastered Throwing!
You need to enable at least one skill for training.
Your Armour skill gained 7 levels and is now at level 7!
You have reached level 19!
Your demonic ancestry asserts itself...
You feel power flowing into your body.
You hear a shout! x3
The destroyer blinks!
You hear a shout! x3
You hear a shout! x5
The destroyer hits you with a +9 great sword of slicing!!!!!
Ouch! That really hurt!
You die...

..... .. #....
..# .. #.o. ..#
...###o.. ..###.
......oo###......
#.....@.)_.......
.....#.))..#...
... #_O<._# .
.....#.@...#....
#.....)VO_.......
.......§###......
...###... ..###.
.. #... ..# #....
..# ..... .o
.....§. .. ....


You could see The Servant, a destroyer, 2 meat berserkers and 4 bags of meat.

Vanquished Creatures
  A vampire knight (D)
  2 ogres (D)
  A hydra (D)
  13 orcs (D)
17 creatures vanquished.

Notes
Turn   | Place    | Note
-------+----------+-------------------------------------------
     0 | D        | Found the +∞ Axe of Woe
     0 | D        | IcyTea the Demonspawn Hunter began the quest for the Orb.
     0 | D        | Reached XP level 1. HP: 16/16 MP: 1/1
     2 | D        | Noticed a bag of meat
     2 | D        | Noticed a bag of meat
     4 | D        | Became a worshipper of Makhleb the Destroyer
     4 | D        | Noticed a bag of meat
     4 | D        | Noticed a bag of meat
     5 | D        | Noticed a bag of meat
     5 | D        | Noticed a meat berserker
     6 | D        | Noticed a bag of meat
     7 | D        | Killed a bag of meat
     7 | D        | Gained mutation: You sometimes gain a little power by taking damage. [demonic ancestry]
     7 | D        | Reached XP level 2. HP: 33/33 MP: 2/2
     7 | D        | Gained mutation: You have a pair of small horns on your head. [demonic ancestry]
     7 | D        | Reached XP level 3. HP: 38/38 MP: 3/3
     7 | D        | Reached XP level 4. HP: 45/45 MP: 4/4
     7 | D        | Reached XP level 5. HP: 51/51 MP: 5/5
     7 | D        | Reached XP level 6. HP: 57/57 MP: 6/6
     7 | D        | Reached XP level 7. HP: 63/63 MP: 7/7
     7 | D        | Gained mutation: When hurt, damage is shared between your health and your magic reserves. [demonic ancestry]
     7 | D        | Reached XP level 8. HP: 69/69 MP: 8/8
     7 | D        | Gained mutation: You regenerate magic rapidly. [demonic ancestry]
     7 | D        | Reached XP level 9. HP: 75/75 MP: 9/9
     7 | D        | Gained mutation: You have a pair of horns on your head. [demonic ancestry]
     7 | D        | Reached XP level 10. HP: 82/82 MP: 10/10
     7 | D        | Reached XP level 11. HP: 87/87 MP: 11/11
     7 | D        | Noticed a meat berserker
     8 | D        | Killed a bag of meat
     8 | D        | Reached * piety under Makhleb
     8 | D        | Reached XP level 12. HP: 39/94 MP: 12/12
     8 | D        | Killed a meat berserker
     8 | D        | Gained mutation: Your movements are slightly less encumbered by armour. (ER -2) [demonic ancestry]
     8 | D        | Reached XP level 13. HP: 41/99 MP: 13/13
     8 | D        | Gained mutation: Your movements are less encumbered by armour. (ER -4) [demonic ancestry]
     8 | D        | Reached XP level 14. HP: 44/106 MP: 14/14
     9 | D        | Killed a bag of meat
     9 | D        | Killed a bag of meat
     9 | D        | Reached ** piety under Makhleb
     9 | D        | Reached skill level 27 in Axes
     9 | D        | Gained mutation: You sometimes gain power by taking damage. [demonic ancestry]
     9 | D        | Reached XP level 15. HP: 124/124 MP: 15/15
    10 | D        | Killed a meat berserker
    11 | D        | Gained mutation: You have a pair of large horns on your head. [demonic ancestry]
    11 | D        | Reached XP level 16. HP: 162/162 MP: 16/16
    12 | D        | Reached *** piety under Makhleb
    12 | D        | Reached skill level 27 in Fighting
    17 | D        | Gained mutation: Your movements are significantly less encumbered by armour. (ER -6) [demonic ancestry]
    17 | D        | Reached XP level 17. HP: 174/174 MP: 17/33
    20 | D        | Noticed a destroyer
    22 | D        | Reached **** piety under Makhleb
    22 | D        | Reached skill level 27 in Invocations
    26 | D        | Noticed a destroyer
    27 | D        | Noticed a meat berserker
    28 | D        | Reached XP level 18. HP: 182/182 MP: 22/35
    28 | D        | Killed a destroyer
    28 | D        | Reached ***** piety under Makhleb
    28 | D        | Reached skill level 27 in Dodging
    29 | D        | Noticed an eight-headed meat hydra
    29 | D        | Noticed a meat berserker
    31 | D        | Noticed The Servant
    32 | D        | Killed a nine-headed meat hydra
    32 | D        | Reached skill level 27 in Throwing
    32 | D        | Gained mutation: Your magical and physical power is slightly enhanced at high health. [demonic ancestry]
    32 | D        | Reached XP level 19. HP: 166/189 MP: 13/36
    33 | D        | Mangled by a destroyer

Vault maps used:
D:        meatsprint

Skill      XL: |  1  2  3  4  5  6  7  8  9 10 11 12 13 14 15 16 17 18 |
---------------+-------------------------------------------------------+-----
Fighting       | 8 13 25 27 | 27.0
Axes           | 4 16 23 27 | 27.0
Throwing       | 22 27 | 27.0
Dodging        | 7 23 27 | 27.0
Invocations    | 24 27 | 27.0
Armour         | 7 |  7.9
Stealth        | |  0.8

Action                   |  1- 3 |  4- 6 |  7- 9 | 10-12 | 13-15 | 16-18 | 19-21 || total
-------------------------+-------+-------+-------+-------+-------+-------+-------++-------
Melee: Executioner's axe |     1 |       |       |     1 |     3 |     9 |       ||    14

Table legend:
 A = Spawn XP
 B = Non-spawn XP
 C = Spawn XP percentage of total XP
 D = Spawn monster count
 E = Non-spawn monster count
 F = Spawn count percentage of total count
 G = Total turns spent on level
                    A         B        C        D         E        F      G
               +---------+---------+-------+---------+---------+-------+---------
         Total |       0 |  380570 |   0.0 |       0 |      17 |   0.0 |    33
               +---------+---------+-------+---------+---------+-------+---------
             D |       0 |  380570 |   0.0 |       0 |      17 |   0.0 |    33
               +---------+---------+-------+---------+---------+-------+---------
